Jets vs Red Wings
(R1)
Created - December 17, 2024 at 21:31
Goals
|
Jets |
2 |
2 |
1 |
5 |
Red Wings |
0 |
1 |
1 |
2 |
|
Shots
|
Jets |
10 |
6 |
11 |
27 |
Red Wings |
9 |
6 |
9 |
24 |
|
1st period
1. Jets , Anthony Mantha 7 (Mirco Mueller 3, Erik Cernak 5) at 3:27
2. Jets , Tyler Seguin 7 (Adam Larsson 2) at 7:12
Penalties :
Anthony Mantha (Win) for High sticking (Minor) at 1:06, Marco Scandella (Det) for Interference (Minor) at 3:49, Ryan Johansen (Win) for Hooking (Minor) at 9:05, Marco Scandella (Det) for Interference (Minor) at 13:08
2nd period
3. Jets , Jack Roslovic 9 (Ryan Johansen 18, Anthony Mantha 7) at 2:51 (PP)
4. Jets , Max Domi 6 (Jack Roslovic 8, Nino Niederreiter 11) at 3:46
5. Red Wings , Philip Samuelsson 3 (Connor Brown 14, Jake Virtanen 8) at 5:40 (PP)
Penalties :
Marco Scandella (Det) for Interference (Minor) at 2:01, Ryan Johansen (Win) for Interference (Minor) at 5:24, Ryan Murray (Win) for Holding (Minor) at 6:57, Danton Heinen (Det) for Tripping (Minor) at 10:53, Viktor Arvidsson (Win) for Holding (Minor) at 17:01
3rd period
6. Red Wings , Danton Heinen 11 (David Backes 12, Jake Virtanen 9) at 0:56 (PP)
7. Jets , Max Domi 7 (Tyler Seguin 12) at 5:06 (PP)
Penalties :
Dougie Hamilton (Win) for Tripping (Minor) at 0:49, David Backes (Det) for Roughing (Minor) at 3:07, Brendan Lemieux (Det) for Hooking (Minor) at 10:02, Sam Reinhart (Win) for Hooking (Minor) at 17:25, Ryan Murray (Win) for Interference (Minor) at 19:41
Goalie Stats
Jacob Markstrom (Win), 22 saves from 24 shots - (0.917), W, 12-10-1, 60:00 minutes
Alexandar Georgiev (Det), 9 saves from 13 shots - (0.692), L, 9-7-2, 23:46 minutes
Frederik Andersen (Det), 13 saves from 14 shots - (0.929), 36:14 minutes
Players Stats for Jets
Player Name G A P +/- PIM S H SB GA TA FO MP PP MP PK MP
------------------------------------------------------------------------------------
Adam Larsson 0 1 1 1 0 2 2 1 0 1 0/0 18:53 0:00 6:53
Anthony Mantha 1 1 2 1 2 4 0 1 1 1 0/0 20:05 7:03 5:08
Dougie Hamilton 0 0 0 1 2 2 0 1 0 0 0/0 29:02 7:25 6:46
Dylan Strome 0 0 0 1 0 0 0 0 0 0 1/6 9:22 0:00 0:50
Erik Cernak 0 1 1 1 0 1 1 0 1 0 0/0 12:31 0:00 0:39
Frank Vatrano 0 0 0 0 0 1 1 1 0 1 0/0 12:39 0:00 3:58
Jack Roslovic 1 1 2 1 0 3 5 0 1 0 1/1 17:38 7:03 0:00
Kyle Connor 0 0 0 0 0 0 1 0 0 0 1/1 13:03 3:20 1:33
Max Domi 2 0 2 1 0 2 0 0 0 0 8/15 14:16 3:42 0:00
Mirco Mueller 0 1 1 1 0 0 0 0 1 0 0/0 11:04 0:00 0:00
Nino Niederreiter 0 1 1 1 0 4 2 0 1 0 2/2 17:41 3:42 3:21
Roope Hintz 0 0 0 0 0 0 2 0 1 0 1/3 8:08 0:00 0:00
Ryan Johansen 0 1 1 1 4 3 1 0 1 0 9/14 17:56 7:03 0:00
Ryan Murray 0 0 0 1 4 2 1 0 0 0 0/0 22:04 3:20 3:11
Sam Reinhart 0 0 0 1 2 0 1 0 0 0 0/0 9:34 0:00 0:00
Troy Stetcher 0 0 0 1 0 0 1 0 1 1 0/0 22:16 7:25 3:43
Tyler Seguin 1 1 2 1 0 1 2 2 0 0 6/13 21:36 3:42 6:22
Viktor Arvidsson 0 0 0 1 2 2 0 0 1 0 0/0 11:28 0:00 0:00
Players Stats for Red Wings
Player Name G A P +/- PIM S H SB GA TA FO MP PP MP PK MP
------------------------------------------------------------------------------------
Brendan Lemieux 0 0 0 0 2 3 3 1 0 0 0/0 19:36 6:13 1:22
Carson Mcmillan 0 0 0 -1 0 1 1 1 0 0 0/0 12:12 0:01 5:36
Charlie Coyle 0 0 0 -1 0 1 1 0 0 1 3/6 15:59 4:13 0:00
Colton Parayko 0 0 0 0 0 0 3 0 0 2 0/0 27:38 6:28 4:26
Connor Brown 0 1 1 0 0 2 3 0 0 0 1/2 18:25 6:22 0:00
Danton Heinen 1 0 1 -1 2 3 3 1 1 0 1/2 16:21 4:13 0:20
David Backes 0 1 1 -1 2 2 2 1 0 1 0/0 16:05 4:13 0:00
Drew Fata 0 0 0 -1 0 0 0 0 0 1 0/0 14:49 0:00 4:07
Dylan Larkin 0 0 0 0 0 5 0 1 1 2 15/32 18:06 6:22 0:00
Hampus Lindholm 0 0 0 0 0 0 0 0 0 0 0/0 23:14 6:28 0:27
Jake Virtanen 0 2 2 -1 0 1 2 0 0 0 0/1 12:35 4:08 0:00
Lucas Lessio 0 0 0 -1 0 1 1 1 0 0 0/0 7:48 0:00 1:58
Marco Scandella 0 0 0 -2 6 1 2 0 1 0 0/0 14:01 0:00 3:11
Max Reinhart 0 0 0 -1 0 1 3 0 0 1 3/4 10:18 0:01 3:21
Philip Samuelsson 1 0 1 -2 0 1 1 2 1 0 0/0 19:39 4:08 3:00
Roland McKeown 0 0 0 -1 0 2 0 4 0 1 0/0 15:43 0:00 6:19
T.J. Hensick 0 0 0 -1 0 0 0 0 0 0 3/8 13:42 0:00 5:32
Tye McGinn 0 0 0 -1 0 0 2 1 0 0 0/0 12:58 0:10 3:21
3 Stars
1 - Jack Roslovic (Win)
2 - Max Domi (Win)
3 - Tyler Seguin (Win)
Power Play
Jets - 2 on 6 Attempt(s) - 33.33%
Red Wings - 2 on 8 Attempt(s) - 25.00%
Penalty Kill
Jets - 6 on 8 Attempt(s) - 75.00%
- Score 0 goal in Penalty Kill
Red Wings - 4 on 6 Attempt(s) - 66.67%
- Score 0 goal in Penalty Kill
Team Stat
Jets - Hits : 20 - Faceoff Wins : 29 - Blocked Shots : 6 - Penalty Minutes : 16
Red Wings - Hits : 27 - Faceoff Wins : 26 - Blocked Shots : 13 - Penalty Minutes : 12
Official
Referees : Graham Skilliter and Conor O'Donnell
Linesman : Matt MacPherson and James Tobias
Game Notes
3:27 of 1st period - Jets goal is going for a video replay. After video review, Goal.
Frederik Andersen enters game at 3:46 of 2nd period
Finance
Level 1 -- Attendance: 5625 (93.75%) -- Ticket Income $562,500
Level 2 -- Attendance: 5000 (100.00%) -- Ticket Income $350,000
Level 3 -- Attendance: 1977 (98.85%) -- Ticket Income $79,080
Level 4 -- Attendance: 4000 (100.00%) -- Ticket Income $120,000
Luxury Box -- Attendance: 1000 (100.00%) -- Ticket Income $200,000
Game was played at the Little Caesars arena.
Total Attendance: 17602 (97.79%)
Total Ticket Income: $1,311,580
Other Income: $196,737
Total Income: $1,508,317
Jets
5 vs 5 Forward
Center Left Wing Right Wing Time % Phy DF OF
1 Ryan Johansen Viktor Arvidsson Tyler Seguin 30 1 1 3
2 Max Domi Nino Niederreiter Jack Roslovic 30 1 1 3
3 Dylan Strome Anthony Mantha Sam Reinhart 20 1 1 3
4 Roope Hintz Kyle Connor Frank Vatrano 20 1 1 3
5 vs 5 Defense
Defense Defense Time % Phy DF OF
1 Dougie Hamilton Ryan Murray 40 1 2 2
2 Adam Larsson Troy Stetcher 30 1 2 2
3 Mirco Mueller Erik Cernak 20 1 2 2
4 Dougie Hamilton Adam Larsson 10 1 2 2
PowerPlay Forward
Center Left Wing Right Wing Time % Phy DF OF
1 Ryan Johansen Anthony Mantha Jack Roslovic 60 1 2 2
2 Max Domi Nino Niederreiter Tyler Seguin 40 1 2 2
PowerPlay Defense
Defense Defense Time % Phy DF OF
1 Dougie Hamilton Troy Stetcher 60 1 2 2
2 Ryan Murray Kyle Connor 40 1 2 2
Penalty Kill 4 Players Forward
Center Wing Time % Phy DF OF
1 Tyler Seguin Anthony Mantha 60 1 2 2
2 Nino Niederreiter Frank Vatrano 40 1 2 2
Penalty Kill 4 Players Defense
Defense Defense Time % Phy DF OF
1 Dougie Hamilton Adam Larsson 60 1 2 2
2 Ryan Murray Troy Stetcher 40 1 2 2
Penalty Kill - 3 Players Forward
Forward Time % Phy DF OF
1 Anthony Mantha 60 1 2 2
2 Frank Vatrano 40 1 2 2
Penalty Kill - 3 Players Defense
Defense Defense Time % Phy DF OF
1 Dougie Hamilton Adam Larsson 60 1 2 2
2 Ryan Murray Troy Stetcher 40 1 2 2
4 vs 4 Forward
Center Wing Time % Phy DF OF
1 Ryan Johansen Tyler Seguin 60 1 2 2
2 Nino Niederreiter Jack Roslovic 40 1 2 2
4 vs 4 Defense
Defense Defense Time % Phy DF OF
1 Dougie Hamilton Adam Larsson 60 1 2 2
2 Ryan Murray Troy Stetcher 40 1 2 2
Last Minutes Offensive
Center Left Wing Right Wing Defense Defense
Ryan Johansen Nino Niederreiter Tyler Seguin Dougie Hamilton Jack Roslovic
Last Minutes Defensive
Center Left Wing Right Wing Defense Defense
Ryan Johansen Anthony Mantha Tyler Seguin Adam Larsson Ryan Murray
Goaltenders
Starting : Jacob Markstrom
Backup : James Reimer
Extra Forwards
Normal : Anthony Mantha, Sam Reinhart, Frank Vatrano - PP : Anthony Mantha, Kyle Connor - PK : Frank Vatrano
Extra Defensemen
Normal : Mirco Mueller, Erik Cernak, Ryan Murray - PP : Mirco Mueller - PK : Erik Cernak, Ryan Murray
Penalty Shots
Jack Roslovic, Tyler Seguin, Ryan Johansen, Anthony Mantha, Kyle Connor
Custom OT Lines Forwards
Nino Niederreiter, Tyler Seguin, Jack Roslovic, Ryan Johansen, Anthony Mantha, Max Domi, Viktor Arvidsson, Sam Reinhart, Frank Vatrano, Dylan Strome
Custom OT Lines Defensemen
Dougie Hamilton, Adam Larsson, Ryan Murray, Troy Stetcher, Mirco Mueller
Scratches
None
Red Wings
5 vs 5 Forward
Center Left Wing Right Wing Time % Phy DF OF
1 Dylan Larkin Brendan Lemieux Connor Brown 35 1 2 2
2 Charlie Coyle Danton Heinen David Backes 35 1 2 2
3 T.J. Hensick Tye McGinn Jake Virtanen 20 1 2 2
4 Max Reinhart Lucas Lessio Carson Mcmillan 10 1 2 2
5 vs 5 Defense
Defense Defense Time % Phy DF OF
1 Hampus Lindholm Colton Parayko 40 1 2 2
2 Marco Scandella Philip Samuelsson 30 1 2 2
3 Drew Fata Roland McKeown 20 1 2 2
4 Drew Fata Roland McKeown 10 1 2 2
PowerPlay Forward
Center Left Wing Right Wing Time % Phy DF OF
1 Dylan Larkin Brendan Lemieux Connor Brown 60 1 2 2
2 Charlie Coyle Danton Heinen David Backes 40 1 2 2
PowerPlay Defense
Defense Defense Time % Phy DF OF
1 Hampus Lindholm Colton Parayko 60 1 2 2
2 Philip Samuelsson Jake Virtanen 40 1 2 2
Penalty Kill 4 Players Forward
Center Wing Time % Phy DF OF
1 T.J. Hensick Carson Mcmillan 60 1 2 2
2 Max Reinhart Tye McGinn 40 1 2 2
Penalty Kill 4 Players Defense
Defense Defense Time % Phy DF OF
1 Marco Scandella Roland McKeown 60 1 2 2
2 Colton Parayko Drew Fata 40 1 2 2
Penalty Kill - 3 Players Forward
Forward Time % Phy DF OF
1 Carson Mcmillan 60 1 2 2
2 Max Reinhart 40 1 2 2
Penalty Kill - 3 Players Defense
Defense Defense Time % Phy DF OF
1 Marco Scandella Roland McKeown 60 1 2 2
2 Drew Fata Colton Parayko 40 1 2 2
4 vs 4 Forward
Center Wing Time % Phy DF OF
1 Dylan Larkin Connor Brown 60 1 2 2
2 Charlie Coyle Brendan Lemieux 40 1 2 2
4 vs 4 Defense
Defense Defense Time % Phy DF OF
1 Hampus Lindholm Philip Samuelsson 60 1 2 2
2 Colton Parayko Marco Scandella 40 1 2 2
Last Minutes Offensive
Center Left Wing Right Wing Defense Defense
Dylan Larkin Brendan Lemieux Connor Brown Hampus Lindholm Philip Samuelsson
Last Minutes Defensive
Center Left Wing Right Wing Defense Defense
T.J. Hensick Tye McGinn Carson Mcmillan Colton Parayko Roland McKeown
Goaltenders
Starting : Alexandar Georgiev
Backup : Frederik Andersen
Extra Forwards
Normal : David Backes, T.J. Hensick, Tye McGinn - PP : Tye McGinn, Max Reinhart - PK : Lucas Lessio
Extra Defensemen
Normal : Roland McKeown, Philip Samuelsson, Marco Scandella - PP : Marco Scandella - PK : Philip Samuelsson, Hampus Lindholm
Penalty Shots
Dylan Larkin, Carson Mcmillan, Charlie Coyle, Max Reinhart, Connor Brown
Custom OT Lines Forwards
Dylan Larkin, Connor Brown, Brendan Lemieux, Charlie Coyle, Danton Heinen, David Backes, Jake Virtanen, Carson Mcmillan, Max Reinhart, T.J. Hensick
Custom OT Lines Defensemen
Hampus Lindholm, Philip Samuelsson, Colton Parayko, Roland McKeown, Marco Scandella
Scratches
Brendan Woods (Healthy), Martin Marincin (Healthy)
% Time on Ice - Jets
Lines # - Real PCT - Wanted PCT - Time Play
Normal Forward
1 - 30% - 30% - 11:39
2 - 27% - 30% - 10:34
3 - 21% - 20% - 8:18
4 - 21% - 20% - 8:08
Normal Defense
1 - 38% - 40% - 14:45
2 - 31% - 30% - 11:55
3 - 29% - 20% - 11:04
4 - 2% - 10% - 0:55
PP Forward
1 - 66% - 60% - 7:03
2 - 34% - 40% - 3:42
PP Defense
1 - 69% - 60% - 7:25
2 - 31% - 40% - 3:20
PK Forward
1 - 68% - 60% - 7:15
2 - 32% - 40% - 3:21
PK Defense
1 - 65% - 60% - 6:53
2 - 35% - 40% - 3:43
PK3 Forward
1 - 0% - 60%
2 - 0% - 40%
PK3 Defense
1 - 0% - 60%
2 - 0% - 40%
44 Forward
1 - 0% - 60%
2 - 0% - 40%
44 Defense
1 - 0% - 60%
2 - 0% - 40%
Last Minute Offensive - 0:00
Last Minute Defensive - 0:00
Total
Forward - 60:00
Defense - 60:00
|
% Time on Ice - Red Wings
Lines # - Real PCT - Wanted PCT - Time Play
Normal Forward
1 - 31% - 35% - 11:48
2 - 33% - 35% - 12:55
3 - 21% - 20% - 8:09
4 - 15% - 10% - 5:47
Normal Defense
1 - 44% - 40% - 17:08
2 - 33% - 30% - 12:56
3 - 18% - 20% - 7:08
4 - 4% - 10% - 1:27
PP Forward
1 - 60% - 60% - 6:22
2 - 40% - 40% - 4:14
PP Defense
1 - 61% - 60% - 6:28
2 - 39% - 40% - 4:08
PK Forward
1 - 69% - 60% - 7:24
2 - 31% - 40% - 3:21
PK Defense
1 - 62% - 60% - 6:38
2 - 38% - 40% - 4:07
PK3 Forward
1 - 0% - 60%
2 - 0% - 40%
PK3 Defense
1 - 0% - 60%
2 - 0% - 40%
44 Forward
1 - 0% - 60%
2 - 0% - 40%
44 Defense
1 - 0% - 60%
2 - 0% - 40%
Last Minute Offensive - 0:00
Last Minute Defensive - 0:00
Total
Forward - 60:00
Defense - 60:00
|
Play-by-Play
1st period
0:01 of 1st period - Connor Brown wins face-off versus Ryan Johansen in neutral zone.
0:34 of 1st period - Backhand shot by David Backes.
0:34 of 1st period - Stopped by Jacob Markstrom with a rebound.
0:58 of 1st period - Slapshot by Hampus Lindholm.
0:58 of 1st period - Shot Misses the Net.
1:06 of 1st period - Minor Penalty to Anthony Mantha for High sticking.
1:07 of 1st period - Dylan Larkin wins face-off versus Tyler Seguin in Jets zone.
1:14 of 1st period - Snap shot by Dylan Larkin.
1:14 of 1st period - Stopped by Jacob Markstrom without a rebound.
1:15 of 1st period - Tyler Seguin wins face-off versus Dylan Larkin in Jets zone.
1:34 of 1st period - Backhand shot by Frank Vatrano.
1:34 of 1st period - Stopped by Alexandar Georgiev with a rebound.
1:40 of 1st period - Slapshot by Dougie Hamilton.
1:40 of 1st period - Stopped by Alexandar Georgiev without a rebound.
1:41 of 1st period - Nino Niederreiter wins face-off versus Charlie Coyle in Red Wings zone.
2:08 of 1st period - Connor Brown is hit by Tyler Seguin and loses puck.
3:06 of 1st period - Penalty to Anthony Mantha is over, Anthony Mantha is back on ice.
3:11 of 1st period - Off-side.
3:12 of 1st period - Dylan Strome wins face-off versus Max Reinhart in neutral zone.
3:17 of 1st period - Wrist shot by Anthony Mantha.
3:17 of 1st period - Shot Misses the Net.
3:19 of 1st period - Slapshot by Erik Cernak.
3:19 of 1st period - Shot Blocked by Lucas Lessio.
3:21 of 1st period - Backhand shot by Erik Cernak.
3:21 of 1st period - Stopped by Alexandar Georgiev with a rebound.
3:23 of 1st period - Wrist shot by Anthony Mantha.
3:23 of 1st period - Shot Blocked by Carson Mcmillan.
3:25 of 1st period - Slapshot by Mirco Mueller.
3:25 of 1st period - Shot Hit the Post.
3:27 of 1st period - Snap shot by Anthony Mantha.
3:27 of 1st period - Jets goal is going for a video replay.
3:27 of 1st period - The goal is good.
3:27 of 1st period - Goal by Anthony Mantha - Jets : 1 - Red Wings : 0.
3:28 of 1st period - Dylan Larkin wins face-off versus Roope Hintz in neutral zone.
3:31 of 1st period - Slapshot by Connor Brown.
3:31 of 1st period - Shot Misses the Net.
3:33 of 1st period - Slapshot by Marco Scandella.
3:33 of 1st period - Shot Misses the Net.
3:49 of 1st period - Minor Penalty to Marco Scandella for Interference.
3:50 of 1st period - Ryan Johansen wins face-off versus T.J. Hensick in Red Wings zone.
4:03 of 1st period - Carson Mcmillan is hit by Troy Stetcher.
4:22 of 1st period - Snap shot by Nino Niederreiter.
4:22 of 1st period - Stopped by Alexandar Georgiev without a rebound.
4:23 of 1st period - Max Reinhart wins face-off versus Max Domi in Red Wings zone.
4:23 of 1st period - Max Reinhart is hit by Kyle Connor.
4:54 of 1st period - Snap shot by Ryan Johansen.
4:54 of 1st period - Deflect By Carson Mcmillan.
4:54 of 1st period - Stopped by Alexandar Georgiev without a rebound.
4:55 of 1st period - Ryan Johansen wins face-off versus T.J. Hensick in Red Wings zone.
5:31 of 1st period - Wrist shot by Max Domi.
5:31 of 1st period - Deflect By Nino Niederreiter.
5:31 of 1st period - Stopped by Alexandar Georgiev with a rebound.
5:49 of 1st period - Penalty to Marco Scandella is over, Marco Scandella is back on ice.
6:21 of 1st period - Connor Brown is hit by Ryan Johansen and loses puck.
6:38 of 1st period - Erik Cernak is hit by Colton Parayko and loses puck.
6:55 of 1st period - Marco Scandella is hit by Sam Reinhart and loses puck.
7:12 of 1st period - Snap shot by Tyler Seguin.
7:12 of 1st period - Goal by Tyler Seguin - Jets : 2 - Red Wings : 0.
7:13 of 1st period - Max Domi wins face-off versus Danton Heinen in neutral zone.
7:28 of 1st period - Ryan Murray is hit by David Backes.
7:40 of 1st period - Tyler Seguin is hit by Connor Brown and loses puck.
7:47 of 1st period - Roland McKeown is hit by Tyler Seguin and loses puck.
8:09 of 1st period - Hampus Lindholm is hit by Adam Larsson and loses puck.
8:32 of 1st period - Snap shot by Jake Virtanen.
8:32 of 1st period - Shot Misses the Net.
8:46 of 1st period - Slapshot by Nino Niederreiter.
8:46 of 1st period - Deflect By Jack Roslovic.
8:46 of 1st period - Stopped by Alexandar Georgiev with a rebound.
8:48 of 1st period - Wrist shot by Max Domi.
8:48 of 1st period - Shot Misses the Net.
8:50 of 1st period - Slapshot by Nino Niederreiter.
8:50 of 1st period - Stopped by Alexandar Georgiev with a rebound.
9:05 of 1st period - Minor Penalty to Ryan Johansen for Hooking.
9:06 of 1st period - Dylan Larkin wins face-off versus Tyler Seguin in Jets zone.
9:14 of 1st period - Slapshot by Dylan Larkin.
9:14 of 1st period - Stopped by Jacob Markstrom without a rebound.
9:15 of 1st period - Tyler Seguin wins face-off versus Dylan Larkin in Jets zone.
9:15 of 1st period - Tyler Seguin is hit by Jake Virtanen.
9:25 of 1st period - Dougie Hamilton is hit by Philip Samuelsson and loses puck.
11:05 of 1st period - Penalty to Ryan Johansen is over, Ryan Johansen is back on ice.
11:32 of 1st period - Tye McGinn is hit by Roope Hintz and loses puck.
12:03 of 1st period - Wrist shot by Sam Reinhart.
12:03 of 1st period - Shot Misses the Net.
13:08 of 1st period - Minor Penalty to Marco Scandella for Interference.
13:09 of 1st period - T.J. Hensick wins face-off versus Ryan Johansen in Red Wings zone.
13:58 of 1st period - Philip Samuelsson is hit by Jack Roslovic and loses puck.
15:08 of 1st period - Penalty to Marco Scandella is over, Marco Scandella is back on ice.
15:51 of 1st period - Wrist shot by Dylan Larkin.
15:51 of 1st period - Stopped by Jacob Markstrom with a rebound.
15:57 of 1st period - Wrist shot by Connor Brown.
15:57 of 1st period - Shot Blocked by Adam Larsson.
16:13 of 1st period - Snap shot by Danton Heinen.
16:13 of 1st period - Stopped by Jacob Markstrom without a rebound.
16:14 of 1st period - Ryan Johansen wins face-off versus Charlie Coyle in Jets zone.
16:36 of 1st period - Snap shot by Brendan Lemieux.
16:36 of 1st period - Shot Misses the Net.
16:54 of 1st period - Slapshot by Dougie Hamilton.
16:54 of 1st period - Shot Misses the Net.
17:14 of 1st period - Wrist shot by Viktor Arvidsson.
17:14 of 1st period - Shot Blocked by Roland McKeown.
17:42 of 1st period - Wrist shot by Ryan Johansen.
17:42 of 1st period - Shot Misses the Net.
17:50 of 1st period - Snap shot by David Backes.
17:50 of 1st period - Shot Misses the Net.
17:52 of 1st period - Slapshot by Drew Fata.
17:52 of 1st period - Shot Blocked by Tyler Seguin.
17:58 of 1st period - Wrist shot by David Backes.
17:58 of 1st period - Stopped by Jacob Markstrom with a rebound.
18:00 of 1st period - Slapshot by Roland McKeown.
18:00 of 1st period - Stopped by Jacob Markstrom without a rebound.
18:01 of 1st period - Max Domi wins face-off versus Dylan Larkin in Jets zone.
18:33 of 1st period - Off-side.
18:34 of 1st period - Kyle Connor wins face-off versus Jake Virtanen in neutral zone.
19:06 of 1st period - Slapshot by Carson Mcmillan.
19:06 of 1st period - Shot Blocked by Anthony Mantha.
19:08 of 1st period - Backhand shot by Lucas Lessio.
19:08 of 1st period - Stopped by Jacob Markstrom without a rebound.
19:09 of 1st period - Dylan Larkin wins face-off versus Max Domi in Jets zone.
19:10 of 1st period - Snap shot by Connor Brown.
19:10 of 1st period - Deflect By Brendan Lemieux.
19:10 of 1st period - Shot Misses the Net.
19:10 of 1st period - Puck is out of play.
19:11 of 1st period - Dylan Larkin wins face-off versus Max Domi in Jets zone.
19:12 of 1st period - Wrist shot by Brendan Lemieux.
19:12 of 1st period - Stopped by Jacob Markstrom without a rebound.
19:13 of 1st period - Dylan Larkin wins face-off versus Max Domi in Jets zone.
19:20 of 1st period - Marco Scandella is hit by Nino Niederreiter and loses puck.
Goals for this period are 2 for Jets vs 0 for Red Wings.
Shots for this period are 10 for Jets vs 9 for Red Wings.
2nd period
0:01 of 2nd period - Max Domi wins face-off versus Connor Brown in neutral zone.
0:10 of 2nd period - Wrist shot by Max Domi.
0:10 of 2nd period - Deflect By Jack Roslovic.
0:10 of 2nd period - Stopped by Alexandar Georgiev without a rebound.
0:11 of 2nd period - Ryan Johansen wins face-off versus Dylan Larkin in Red Wings zone.
0:38 of 2nd period - Max Domi is hit by Danton Heinen and loses puck.
1:44 of 2nd period - Troy Stetcher is hit by Marco Scandella and loses puck.
1:55 of 2nd period - Wrist shot by Viktor Arvidsson.
1:55 of 2nd period - Shot Blocked by Philip Samuelsson.
2:01 of 2nd period - Minor Penalty to Marco Scandella for Interference.
2:02 of 2nd period - T.J. Hensick wins face-off versus Ryan Johansen in Red Wings zone.
2:37 of 2nd period - Troy Stetcher is hit by Max Reinhart.
2:47 of 2nd period - Backhand shot by Anthony Mantha.
2:47 of 2nd period - Shot Misses the Net.
2:49 of 2nd period - Wrist shot by Ryan Johansen.
2:49 of 2nd period - Shot Blocked by Tye McGinn.
2:51 of 2nd period - Wrist shot by Jack Roslovic.
2:51 of 2nd period - Goal by Jack Roslovic - Jets : 3 - Red Wings : 0.
2:52 of 2nd period - Dylan Larkin wins face-off versus Roope Hintz in neutral zone.
3:17 of 2nd period - Mirco Mueller is hit by Danton Heinen and loses puck.
3:38 of 2nd period - Snap shot by Jack Roslovic.
3:38 of 2nd period - Shot Blocked by Roland McKeown.
3:46 of 2nd period - Slapshot by Max Domi.
3:46 of 2nd period - Goal by Max Domi - Jets : 4 - Red Wings : 0.
3:46 of 2nd period - Frederik Andersen enters game.
3:47 of 2nd period - Max Domi wins face-off versus Dylan Larkin in neutral zone.
4:06 of 2nd period - Hampus Lindholm is hit by Jack Roslovic and loses puck.
4:29 of 2nd period - Viktor Arvidsson is hit by Colton Parayko and loses puck.
4:48 of 2nd period - Adam Larsson is hit by Tye McGinn and loses puck.
5:24 of 2nd period - Minor Penalty to Ryan Johansen for Interference.
5:25 of 2nd period - Tyler Seguin wins face-off versus Dylan Larkin in Jets zone.
5:30 of 2nd period - Slapshot by Adam Larsson.
5:30 of 2nd period - Stopped by Frederik Andersen with a rebound.
5:38 of 2nd period - Wrist shot by Connor Brown.
5:38 of 2nd period - Shot Blocked by Tyler Seguin.
5:40 of 2nd period - Snap shot by Philip Samuelsson.
5:40 of 2nd period - Goal by Philip Samuelsson - Jets : 4 - Red Wings : 1.
5:41 of 2nd period - Dylan Larkin wins face-off versus Max Domi in neutral zone.
5:44 of 2nd period - Nino Niederreiter is hit by Connor Brown.
6:08 of 2nd period - Dougie Hamilton is hit by David Backes and loses puck.
6:14 of 2nd period - Off-side.
6:15 of 2nd period - Ryan Johansen wins face-off versus Charlie Coyle in neutral zone.
6:33 of 2nd period - Off-side.
6:34 of 2nd period - Dylan Larkin wins face-off versus Max Domi in neutral zone.
6:45 of 2nd period - Wrist shot by Dylan Larkin.
6:45 of 2nd period - Deflect By Nino Niederreiter.
6:45 of 2nd period - Stopped by Jacob Markstrom with a rebound.
6:47 of 2nd period - Slapshot by Philip Samuelsson.
6:47 of 2nd period - Shot Misses the Net.
6:49 of 2nd period - Slapshot by Marco Scandella.
6:49 of 2nd period - Shot Misses the Net.
6:51 of 2nd period - Slapshot by Marco Scandella.
6:51 of 2nd period - Shot Misses the Net.
6:57 of 2nd period - Minor Penalty to Ryan Murray for Holding.
6:58 of 2nd period - Dylan Larkin wins face-off versus Tyler Seguin in Jets zone.
7:01 of 2nd period - Snap shot by Brendan Lemieux.
7:01 of 2nd period - Stopped by Jacob Markstrom without a rebound.
7:02 of 2nd period - Dylan Larkin wins face-off versus Tyler Seguin in Jets zone.
7:11 of 2nd period - Wrist shot by Dylan Larkin.
7:11 of 2nd period - Shot Blocked by Dougie Hamilton.
7:21 of 2nd period - Adam Larsson is hit by Brendan Lemieux and loses puck.
7:32 of 2nd period - Snap shot by Brendan Lemieux.
7:32 of 2nd period - Stopped by Jacob Markstrom with a rebound.
8:57 of 2nd period - Penalty to Ryan Murray is over, Ryan Murray is back on ice.
9:02 of 2nd period - Max Reinhart is hit by Jack Roslovic and loses puck.
9:13 of 2nd period - Backhand shot by Carson Mcmillan.
9:13 of 2nd period - Shot Blocked by Frank Vatrano.
9:35 of 2nd period - Drew Fata is hit by Jack Roslovic and loses puck.
10:07 of 2nd period - Roland McKeown is hit by Frank Vatrano and loses puck.
10:32 of 2nd period - Icing by Erik Cernak.
10:33 of 2nd period - Charlie Coyle wins face-off versus Dylan Strome in Jets zone.
10:36 of 2nd period - Wrist shot by Charlie Coyle.
10:36 of 2nd period - Stopped by Jacob Markstrom without a rebound.
10:37 of 2nd period - Charlie Coyle wins face-off versus Dylan Strome in Jets zone.
10:53 of 2nd period - Minor Penalty to Danton Heinen for Tripping.
10:54 of 2nd period - Ryan Johansen wins face-off versus T.J. Hensick in Red Wings zone.
11:20 of 2nd period - Carson Mcmillan is hit by Nino Niederreiter and loses puck.
11:27 of 2nd period - Snap shot by Nino Niederreiter.
11:27 of 2nd period - Stopped by Frederik Andersen with a rebound.
11:29 of 2nd period - Wrist shot by Nino Niederreiter.
11:29 of 2nd period - Shot Misses the Net.
12:03 of 2nd period - Slapshot by Ryan Murray.
12:03 of 2nd period - Stopped by Frederik Andersen with a rebound.
12:05 of 2nd period - Slapshot by Tyler Seguin.
12:05 of 2nd period - Shot Misses the Net.
12:27 of 2nd period - Jack Roslovic is hit by Carson Mcmillan and loses puck.
12:53 of 2nd period - Penalty to Danton Heinen is over, Danton Heinen is back on ice.
13:05 of 2nd period - Wrist shot by Roope Hintz.
13:05 of 2nd period - Shot Blocked by Philip Samuelsson.
13:11 of 2nd period - Frank Vatrano is hit by Danton Heinen.
13:46 of 2nd period - Mirco Mueller is hit by Marco Scandella and loses puck.
14:25 of 2nd period - Hampus Lindholm is hit by Ryan Murray and loses puck.
15:02 of 2nd period - Snap shot by Jake Virtanen.
15:02 of 2nd period - Shot Misses the Net.
15:04 of 2nd period - Slapshot by Roland McKeown.
15:04 of 2nd period - Stopped by Jacob Markstrom without a rebound.
15:05 of 2nd period - Dylan Larkin wins face-off versus Max Domi in Jets zone.
16:11 of 2nd period - Jake Virtanen is hit by Erik Cernak and loses puck.
16:36 of 2nd period - Jake Virtanen is hit by Roope Hintz and loses puck.
17:01 of 2nd period - Minor Penalty to Viktor Arvidsson for Holding.
17:02 of 2nd period - Tyler Seguin wins face-off versus Dylan Larkin in Jets zone.
17:54 of 2nd period - Wrist shot by Frank Vatrano.
17:54 of 2nd period - Shot Misses the Net.
18:10 of 2nd period - Troy Stetcher is hit by Jake Virtanen and loses puck.
19:01 of 2nd period - Penalty to Viktor Arvidsson is over, Viktor Arvidsson is back on ice.
19:48 of 2nd period - Mirco Mueller is hit by Max Reinhart and loses puck.
Goals for this period are 2 for Jets vs 1 for Red Wings.
Shots for this period are 6 for Jets vs 6 for Red Wings.
3rd period
0:01 of 3rd period - Ryan Johansen wins face-off versus Dylan Larkin in neutral zone.
0:06 of 3rd period - Snap shot by Ryan Johansen.
0:06 of 3rd period - Stopped by Frederik Andersen without a rebound.
0:07 of 3rd period - Ryan Johansen wins face-off versus Dylan Larkin in Red Wings zone.
0:14 of 3rd period - Slapshot by Ryan Johansen.
0:14 of 3rd period - Shot Misses the Net.
0:49 of 3rd period - Minor Penalty to Dougie Hamilton for Tripping.
0:50 of 3rd period - Charlie Coyle wins face-off versus Tyler Seguin in Jets zone.
0:50 of 3rd period - Slapshot by Danton Heinen.
0:50 of 3rd period - Shot Misses the Net.
0:52 of 3rd period - Slapshot by Jake Virtanen.
0:52 of 3rd period - Deflect By Tyler Seguin.
0:52 of 3rd period - Stopped by Jacob Markstrom with a rebound.
0:54 of 3rd period - Wrist shot by David Backes.
0:54 of 3rd period - Shot Misses the Net.
0:56 of 3rd period - Wrist shot by Danton Heinen.
0:56 of 3rd period - Goal by Danton Heinen - Jets : 4 - Red Wings : 2.
0:57 of 3rd period - Max Domi wins face-off versus Dylan Larkin in neutral zone.
1:04 of 3rd period - Wrist shot by Jack Roslovic.
1:04 of 3rd period - Shot Blocked by Dylan Larkin.
1:50 of 3rd period - Slapshot by Dougie Hamilton.
1:50 of 3rd period - Deflect By Philip Samuelsson.
1:50 of 3rd period - Stopped by Frederik Andersen with a rebound.
2:03 of 3rd period - Dougie Hamilton is hit by Tye McGinn.
2:32 of 3rd period - Snap shot by Jake Virtanen.
2:32 of 3rd period - Shot Misses the Net.
2:34 of 3rd period - Slapshot by Marco Scandella.
2:34 of 3rd period - Stopped by Jacob Markstrom without a rebound.
2:35 of 3rd period - Nino Niederreiter wins face-off versus Dylan Larkin in Jets zone.
2:35 of 3rd period - Nino Niederreiter is hit by Brendan Lemieux.
3:07 of 3rd period - Minor Penalty to David Backes for Roughing.
3:08 of 3rd period - T.J. Hensick wins face-off versus Ryan Johansen in Red Wings zone.
3:37 of 3rd period - Colton Parayko is hit by Jack Roslovic and loses puck.
4:02 of 3rd period - Ryan Johansen is hit by Max Reinhart and loses puck.
5:02 of 3rd period - Snap shot by Ryan Johansen.
5:02 of 3rd period - Stopped by Frederik Andersen without a rebound.
5:03 of 3rd period - Max Domi wins face-off versus T.J. Hensick in Red Wings zone.
5:06 of 3rd period - Wrist shot by Max Domi.
5:06 of 3rd period - Goal by Max Domi - Jets : 5 - Red Wings : 2.
5:07 of 3rd period - Roope Hintz wins face-off versus Dylan Larkin in neutral zone.
5:16 of 3rd period - Wrist shot by Brendan Lemieux.
5:16 of 3rd period - Shot Misses the Net.
5:39 of 3rd period - Hampus Lindholm is hit by Adam Larsson and loses puck.
6:16 of 3rd period - Erik Cernak is hit by Connor Brown and loses puck.
6:59 of 3rd period - Slapshot by Danton Heinen.
6:59 of 3rd period - Stopped by Jacob Markstrom without a rebound.
7:00 of 3rd period - Dylan Larkin wins face-off versus Dylan Strome in Jets zone.
7:07 of 3rd period - Wrist shot by Connor Brown.
7:07 of 3rd period - Stopped by Jacob Markstrom without a rebound.
7:08 of 3rd period - Dylan Larkin wins face-off versus Dylan Strome in Jets zone.
8:23 of 3rd period - Snap shot by Viktor Arvidsson.
8:23 of 3rd period - Stopped by Frederik Andersen with a rebound.
8:31 of 3rd period - Wrist shot by Philip Samuelsson.
8:31 of 3rd period - Shot Misses the Net.
8:53 of 3rd period - Snap shot by Anthony Mantha.
8:53 of 3rd period - Stopped by Frederik Andersen with a rebound.
8:55 of 3rd period - Snap shot by Anthony Mantha.
8:55 of 3rd period - Stopped by Frederik Andersen with a rebound.
9:31 of 3rd period - Snap shot by Carson Mcmillan.
9:31 of 3rd period - Stopped by Jacob Markstrom without a rebound.
9:32 of 3rd period - Max Reinhart wins face-off versus Dylan Strome in Jets zone.
9:45 of 3rd period - Slapshot by Max Reinhart.
9:45 of 3rd period - Stopped by Jacob Markstrom without a rebound.
9:46 of 3rd period - Max Domi wins face-off versus Dylan Larkin in Jets zone.
10:02 of 3rd period - Minor Penalty to Brendan Lemieux for Hooking.
10:03 of 3rd period - Ryan Johansen wins face-off versus T.J. Hensick in Red Wings zone.
10:19 of 3rd period - Snap shot by Jack Roslovic.
10:19 of 3rd period - Shot Blocked by Roland McKeown.
12:02 of 3rd period - Penalty to Brendan Lemieux is over, Brendan Lemieux is back on ice.
12:15 of 3rd period - Wrist shot by Dylan Strome.
12:15 of 3rd period - Shot Blocked by Roland McKeown.
12:43 of 3rd period - Snap shot by Dylan Larkin.
12:43 of 3rd period - Stopped by Jacob Markstrom with a rebound.
12:57 of 3rd period - Snap shot by David Backes.
12:57 of 3rd period - Shot Misses the Net.
13:09 of 3rd period - Sam Reinhart is hit by Brendan Lemieux and loses puck.
13:46 of 3rd period - Off-side.
13:47 of 3rd period - Max Reinhart wins face-off versus Ryan Johansen in neutral zone.
14:02 of 3rd period - Adam Larsson is hit by Lucas Lessio and loses puck.
14:37 of 3rd period - Snap shot by Viktor Arvidsson.
14:37 of 3rd period - Stopped by Frederik Andersen with a rebound.
14:39 of 3rd period - Snap shot by Tyler Seguin.
14:39 of 3rd period - Shot Blocked by Danton Heinen.
15:21 of 3rd period - Wrist shot by Tyler Seguin.
15:21 of 3rd period - Shot Blocked by David Backes.
15:23 of 3rd period - Slapshot by Adam Larsson.
15:23 of 3rd period - Stopped by Frederik Andersen without a rebound.
15:24 of 3rd period - Jack Roslovic wins face-off versus Dylan Larkin in Red Wings zone.
15:27 of 3rd period - Wrist shot by Jack Roslovic.
15:27 of 3rd period - Shot Blocked by Brendan Lemieux.
15:29 of 3rd period - Slapshot by Ryan Murray.
15:29 of 3rd period - Stopped by Frederik Andersen without a rebound.
15:30 of 3rd period - Max Domi wins face-off versus Dylan Larkin in Red Wings zone.
16:07 of 3rd period - Slapshot by T.J. Hensick.
16:07 of 3rd period - Shot Misses the Net.
17:25 of 3rd period - Minor Penalty to Sam Reinhart for Hooking.
17:26 of 3rd period - Tyler Seguin wins face-off versus Dylan Larkin in Jets zone.
17:35 of 3rd period - Wrist shot by Anthony Mantha.
17:35 of 3rd period - Stopped by Frederik Andersen without a rebound.
17:36 of 3rd period - Dylan Larkin wins face-off versus Tyler Seguin in Red Wings zone.
18:14 of 3rd period - Wrist shot by Connor Brown.
18:14 of 3rd period - Stopped by Jacob Markstrom without a rebound.
18:15 of 3rd period - Danton Heinen wins face-off versus Tyler Seguin in Jets zone.
18:56 of 3rd period - Adam Larsson is hit by Colton Parayko and loses puck.
19:13 of 3rd period - Troy Stetcher is hit by Charlie Coyle and loses puck.
19:25 of 3rd period - Penalty to Sam Reinhart is over, Sam Reinhart is back on ice.
19:41 of 3rd period - Minor Penalty to Ryan Murray for Interference.
19:42 of 3rd period - Tyler Seguin wins face-off versus Dylan Larkin in Jets zone.
Goals for this period are 1 for Jets vs 1 for Red Wings.
Shots for this period are 11 for Jets vs 9 for Red Wings.